 Dungeon Crawl Stone Soup version 0.27-a0-1325-g58a489ad9e (webtiles) character file.

Game seed: 14529567666066025267

6 HESUNTHESUNT the Magician (level 2, -2/22 HPs)
             Began as a Djinni Wanderer on June 24, 2021.
             Slain by a gnoll (8 damage)
             ... on level 1 of the Dungeon.
             The game lasted 00:01:55 (611 turns).

HESUNTHESUNT the Magician (Djinni Wanderer)          Turns: 611, Time: 00:01:56

Health: -2/22      AC:  2    Str: 13    XL:     2   Next: 0%
Gold:   40         EV: 11    Int: 11    God:
                   SH:  0    Dex: 12

rFire    + + .     SeeInvis .   a - +0 club
rCold    x . .     Faith    .   (no shield)
rNeg     . . .     Spirit   .   b - +0 robe
rPois    ∞         Reflect  .   (no helmet)
rElec    .         Harm     .   (no cloak)
rCorr    .         Rampage  .   (no gloves)
Will     .....                  (boots unavailable)
Stlth    ++........             (no amulet)
HPRegen  0.07/turn              (no ring)
MPRegen  0.00/turn              (no ring)

@: flying
A: sickness immunity, fire resistance 2, cold vulnerability 1, float, innate
caster, hp casting, extra vitality 1
a: no special abilities


You were on level 1 of the Dungeon.
You visited 1 branch of the dungeon, and saw 1 of its levels.

You collected 40 gold pieces.

Inventory:

Hand Weapons
 a - a +0 club (weapon)
Armour
 b - a +0 robe (worn)
Scrolls
 c - a scroll of identify {unknown}
 d - a scroll of noise {unknown}


   Skills:
 + Level 0.9 Fighting
 + Level 1.0 Stealth
 - Level 1.2 Shields
 + Level 6.6 Spellcasting


You couldn't memorise any spells.
You knew the following spells:

 Your Spells              Type           Power      Damage    Failure   Level
a - Magic Dart            Conj           72%        1d6       1%          1
b - Blink                 Tloc           N/A        N/A       1%          2
c - Call Imp              Summ           18%        N/A       1%          2
d - Slow                  Hex            18%        N/A       1%          2
e - Conjure Flame         Conj/Fire      18%        6-21      3%          3
f - Mephitic Cloud        Conj/Pois/Air  18%        N/A       3%          3
g - Summon Guardian Gole  Hex/Summ       18%        N/A       3%          3
h - Corona                Hex            20%        N/A       1%          1
i - Apportation           Tloc           36%        N/A       1%          1
j - Gell's Gravitas       Tloc           9%         N/A       3%          3

Your spell library contained the following spells:

 Spells                   Type           Power      Damage    Failure   Level


Dungeon Overview and Level Annotations

Branches:
Dungeon (1/15)

Altars:


Innate Abilities, Weirdness & Mutations

You are immune to sickness and miasma.
You are immune to poison.
Your flesh is very heat resistant. (rF++)
You are vulnerable to cold. (rC-)
You float through the air rather than walking.
You learn spells naturally, not from books.
Your magical power is your life essence.
You have superior vitality. (+4 HP)


Message History

Aiming: Magic Dart (safe; 1% risk of failure)
Press: ? - help, Shift-Dir - straight line, f/p - gnoll
Aim: a gnoll, wielding a +1 flail of protection (severely wounded, 100% to hit)
The magic dart hits the giant cockroach.
The giant cockroach is heavily wounded.
The giant cockroach closely misses you.
Casting: Magic Dart (safe; 1% risk of failure)
Confirm with . or Enter, or press ? or * to list all spells.
Aiming: Magic Dart (safe; 1% risk of failure)
Press: ? - help, Shift-Dir - straight line, f/p - gnoll
Aim: a gnoll, wielding a +1 flail of protection (severely wounded, 100% to hit)
The magic dart hits the giant cockroach.
The giant cockroach is almost dead.
The giant cockroach bites you.
Casting: Magic Dart (safe; 1% risk of failure)
Confirm with . or Enter, or press ? or * to list all spells.
Aiming: Magic Dart (safe; 1% risk of failure)
Press: ? - help, Shift-Dir - straight line, f/p - gnoll
Aim: a gnoll, wielding a +1 flail of protection (severely wounded, 100% to hit)
The magic dart hits the giant cockroach but does no damage.
The giant cockroach is almost dead.
The giant cockroach bites you.
Casting: Magic Dart (safe; 1% risk of failure)
Confirm with . or Enter, or press ? or * to list all spells.
Aiming: Magic Dart (safe; 1% risk of failure)
Press: ? - help, Shift-Dir - straight line, f/p - gnoll
Aim: a gnoll, wielding a +1 flail of protection (severely wounded, 100% to hit)
The magic dart hits the giant cockroach.
You kill the giant cockroach!
You have reached level 2!
Casting: Magic Dart (safe; 1% risk of failure)
Confirm with . or Enter, or press ? or * to list all spells.
Aiming: Magic Dart (safe; 1% risk of failure)
Press: ? - help, Shift-Dir - straight line, f/p - gnoll
Aim: a gnoll, wielding a +1 flail of protection (severely wounded, 100% to hit)
The magic dart hits the gnoll.
The gnoll is almost dead.
* * * LOW HITPOINT WARNING * * *
The gnoll hits you with a +1 flail of protection!
You die...

... #....#
#.....##..#
.........†######
##.######......#
...............#
# .#####..#.##.#
#..#.##.# .
#..#g##.# #
#..#@##.# ###
#.......# ..
####.##### .
#......# # ##.
#..###.# # ....
#..## #..# #...#
..# #.#.#
#.#.##.#


You could see a gnoll.

Vanquished Creatures
  A ball python (D:1)
  A giant cockroach (D:1)
  A quokka (D:1)
  2 bats (D:1)
  A rat (D:1)
6 creatures vanquished.

Notes
Turn   | Place    | Note
-------+----------+-------------------------------------------
     0 | D:1      | HESUNTHESUNT the Djinni Wanderer began the quest for the
                  | Orb.
     0 | D:1      | Reached XP level 1. HP: 15/15 MP: 0/0
   611 | D:1      | Reached XP level 2. HP: 7/22 MP: 0/0
   611 | D:1      | Slain by a gnoll

Illustrated notes

Levels and vault maps discovered:
D:1:      ncdulo_watergridlock, layout_loops_cross,
          shapermc_ecumenical_altar_flowoftime, minmay_misc_feat_chi

Action                   || total
-------------------------++-------
Melee: Club              ||     4
 Cast: Magic Dart        ||    18
Armor: Robe              ||     1
Dodge: Dodged            ||     3

Table legend: (Time is in decaauts)
 A = Elapsed time spent in this place.
 B = Non-inter-level travel time spent in this place.
 C = Inter-level travel time spent in this place.
 D = Time resting spent in this place.
 E = Time spent auto-exploring this place.
 F = Levels seen in this place.
 G = Mean time per level.
                   A        B        C        D        E       F      G
               +--------+--------+--------+--------+--------+-----+--------+
         Total |    612 |    612 |      0 |    100 |    465 |   1 |  612.0 |
       Dungeon |    612 |    612 |      0 |    100 |    465 |   1 |  612.0 |
               +--------+--------+--------+--------+--------+-----+--------+

Top non-repeatable levels by time:
     D:1: 612 daAuts
